Map: Mécanisation EC

Players

Sorandom - Winner!

  • Race: Zerg Zerg
  • League: Diamond
  • Spawn Location: 3:00

IA (très facile)

  • Race: Protoss Protoss
  • Spawn Location: 9:00

VOD

Have the link to the VOD?

Description

Time

  • Played on: April 3, 2019, 5:03 p.m.
  • Length: 15:50
Show
View Real Time Build Order
Export as new Build Order

Sorandom Zerg - Winner!

Build Orders: Hatch First 

Get SALT Encoding   

  12  0:02  Drone  
  13  0:12  Overlord  
  13  0:18  Drone  
  14  0:31  Drone x2  
  14  0:35  Drone  
  17  0:56  Hatchery  
  16  0:59  Drone  
  16  1:01  Drone  
  18  1:05  Extractor  
  18  1:10  Drone  
  18  1:23  Spawning Pool  
  17  1:26  Drone  
  17  1:30  Drone  
  19  1:39  Overlord  
  19  1:50  Drone  
  20  2:10  Zergling x2  
  20  2:11  Zergling x2, Queen  
  20  2:12  Queen  
  26  2:15  Metabolic Boost  
  26  2:20  Drone  
  27  2:23  Drone  
  27  2:27  Drone  
  29  2:30  Drone  
  29  2:35  Drone  
  31  2:40  Drone  
  32  2:46  Drone  
  33  2:52  Drone  
  34  3:00  Overlord  
  34  3:02  Drone  
  35  3:12  Drone  
  36  3:13  Overlord  
  36  3:19  Drone  
  37  3:21  Drone x3  
  37  3:24  Drone  
  41  3:38  Hatchery  
  41  3:39  Extractor  
  41  3:40  Extractor  
  38  3:43  Drone x2  
  38  3:44  Drone  
  38  3:46  Drone x2  
  43  3:59  Drone x4  
  47  4:11  Roach Warren, Zergling x10  
  51  4:21  Overlord  
  51  4:30  Overlord  
  51  4:31  Overlord x6  
  51  4:40  Drone  
  52  4:50  Drone  
  52  4:51  Queen, Drone x2  
  57  4:53  Queen  
  59  5:01  Roach x2  
  59  5:02  Roach  
  65  5:08  Lair  
  65  5:17  Evolution Chamber x2  
  63  5:48  Zerg Ground Armor Level 1, Zerg Missile Weapons Level 1  
  63  5:53  Drone x4  
  63  5:55  Drone  
  63  5:56  Drone x10  
  78  5:59  Extractor  
  78  6:01  Extractor  
  76  6:11  Glial Reconstitution  
  76  6:14  Extractor, Drone x2  
  76  6:15  Drone  
  78  6:22  Drone  
  78  6:23  Drone x2  
  81  6:29  Drone x3  
  81  6:31  Drone x3  
  87  6:37  Roach x4  
  95  6:40  Lair x2  
  95  6:42  Roach  
  97  6:51  Roach x4  
  97  6:52  Roach x6  
  117  6:57  Overlord x2  
  117  7:01  Overlord  
  117  7:04  Roach  
  119  7:10  Roach  
  119  7:12  Overlord  
  121  7:16  Roach  
  121  7:18  Roach  
  125  7:24  Roach x3  
  125  7:25  Roach x4  
  139  7:31  Overlord  
  139  7:34  Overlord  
  139  7:41  Roach x5  
  149  7:47  Overlord x3  
  149  7:49  Overseer  
  149  7:52  Roach x4  
  157  7:58  Overlord x2  
  157  8:05  Roach x4  
  165  8:07  Roach  
  165  8:12  Roach  
  169  8:22  Roach x8  
  185  8:30  Roach x2  
  191  8:34  Roach x4  
  191  8:40  Roach  
Show
View Real Time Build Order
Export as new Build Order

IA (très facile) Protoss 

Build Orders:  

Get SALT Encoding   

  12  0:00  Probe  
  13  0:13  Probe  
  14  0:21  Pylon  
  14  0:39  Assimilator  
  14  0:46  Gateway  
  14  0:47  Pylon  
  14  1:16  Assimilator  
  14  1:19  Probe  
  15  1:28  Probe  
  16  1:36  Probe, Cybernetics Core  
  16  1:46  Probe  
  18  1:57  Probe  
  19  2:02  Warp Gate  
  19  2:05  Probe  
  19  2:13  Stalker  
  22  4:19  Probe  
  22  5:24  Zealot  
  22  5:26  Probe  
  22  5:27  Pylon  
  25  5:29  Robotics Facility  
  25  5:38  Probe  
  26  5:50  Probe  
  26  6:02  Probe  
  25  6:13  Probe  
  25  6:15  Zealot  
  25  6:17  Observer  
  29  6:20  Pylon  
  29  6:21  Probe  
  30  6:29  Probe  
  30  6:38  Observer  
  32  7:06  Stalker  
  34  7:16  Nexus  
  34  8:25  Probe  
  35  8:36  Probe  
  35  8:37  Assimilator  
  35  8:39  Probe  
  35  8:41  Assimilator  
  37  8:50  Probe  
  38  8:58  Probe  
  39  9:05  Probe  
  40  9:12  Probe  
  40  9:16  Stalker  
  29  9:24  Probe  
  25  9:32  Probe  
Tags
 
League
Diamond
Matchup
PvZ
Replay Pack
Pack 2
Spawn Locations
Cross Positions
Add a new tag
Caveats
  • Supply blocks, unpowered buildings, or Contaminate may cause inaccurate times.
  • Supply counts are checked every 10 seconds.